 Dungeon Crawl Stone Soup version 0.28-a0-20-gdd470a43dd (webtiles) character file.

Game seed: 12732264431495733804

1724 Jawa73 the Slasher (level 8, 0/63 HPs)
             Began as a Demonspawn Abyssal Knight on July 26, 2021.
             Was a Priest of Lugonu.
             Slain by a hornet (2 damage)
             ... on level 5 of the Dungeon.
             The game lasted 00:21:57 (5959 turns).

Jawa73 the Slasher (Demonspawn Abyssal Knight)      Turns: 5959, Time: 00:21:57

Health: 0/63       AC: 13    Str: 13 (15) XL:     8   Next: 75%
Magic:  0/11       EV: 10    Int: 11 (13) God:    Lugonu [***...]
Gold:   188        SH:  0    Dex: 10 (13) Spells: 7/7 levels left

rFire   . . .      SeeInvis .   a - +2 falchion
rCold   + . .      Faith    .   (no shield)
rNeg    + . .      Spirit   +   v - +1 chain mail {rC+}
rPois   .          Reflect  .   (helmet restricted)
rElec   .          Harm     .   (no cloak)
rCorr   .          Rampage  .   (no gloves)
Will    .....                   k - +0 pair of boots
Stlth   ..........              b - amulet of guardian spirit
HPRegen 0.20/turn               y - ring of positive energy
MPRegen 0.12/turn               i - +4 ring of evasion

@: hasted and slowed
A: horns 1, powered by pain 1, sharp scales 1
a: Renounce Religion, Depart the Abyss, Bend Space, Banish


You were on level 5 of the Dungeon.
You worshipped Lugonu.
Lugonu was most pleased with you.
You visited 1 branch of the dungeon, and saw 5 of its levels.
You visited the Abyss 1 time.

You collected 383 gold pieces.
You spent 195 gold pieces at shops.

Inventory:

Hand Weapons
 a - a +2 falchion (weapon)
 h - a +1 war axe of freezing
Missiles
 l - 7 atropa-tipped darts
Armour
 k - a +0 pair of boots (worn)
 v - a +1 chain mail of cold resistance (worn)
Jewellery
 b - an amulet of guardian spirit (around neck)
 e - a ring of wizardry
 i - a +4 ring of evasion (right hand)
 j - an amulet of magic regeneration
 s - a ring of ice
 x - an amulet of regeneration
 y - a ring of positive energy (left hand)
Wands
 u - a wand of paralysis (10)
Scrolls
 m - a scroll of silence
 n - 3 scrolls of immolation
 p - a scroll of vulnerability
 z - a scroll of brand weapon {unknown}
Potions
 c - a potion of heal wounds
 f - a potion of brilliance {unknown}
 o - a potion of attraction {unknown}
 r - a potion of berserk rage {unknown}
 t - 2 potions of mutation
 w - a potion of lignification {unknown}


   Skills:
 * Level 5.4 Fighting
 * Level 7.2 Long Blades
 * Level 5.5 Armour
 - Level 0.8 Dodging
 * Level 5.3 Invocations


You had 7 spell levels left.
You didn't know any spells.
Your spell library contained the following spells:

 Spells                   Type           Power      Damage    Failure   Level
 Corona                   Hex            0%         N/A       100%        1
 Summon Small Mammal      Summ           0%         N/A       100%        1
 Ensorcelled Hibernation  Hex/Ice        0%         N/A       100%        2
 Call Canine Familiar     Summ           0%         N/A       100%        3
 Inner Flame              Hex/Fire       0%         N/A       100%        3
 Summon Guardian Golem    Hex/Summ       0%         N/A       100%        3
 Tukima's Dance           Hex            0%         N/A       100%        3
 Cause Fear               Hex            0%         N/A       100%        4
 Discord                  Hex            0%         N/A       100%        8


Dungeon Overview and Level Annotations

Branches:
Dungeon (5/15)             Temple (0/1) D:4

Altars:

Shops:
D:1 (   D:2 (:*[


Innate Abilities, Weirdness & Mutations

You have a pair of small horns on your head.
You sometimes gain a little power by taking damage.
You are partially covered in razor-sharp scales. (AC +1, Slay +1)


Message History

The hornet is moderately wounded.
You feel sick. The hornet stings you.
You feel as though you will be slow longer.
You closely miss the hornet.
The hornet is moderately wounded.
You feel yourself speed up.
You feel sick.
The hornet stings you but does no damage. x2
You hit the hornet.
The hornet is moderately wounded.
The hornet stings you.
* * * LOW HITPOINT WARNING * * *
You feel yourself slow down.
You closely miss the hornet.
The hornet is moderately wounded.
You feel sick. The hornet stings you!
* * * LOW HITPOINT WARNING * * *
You feel as though you will be slow longer.
It was a potion of degeneration.
There was something very wrong with that liquid.
You feel weakened.
You feel dopey.
You feel clumsy.
You feel sick. The hornet stings you.
* * * LOW HITPOINT WARNING * * *
You feel as though you will be slow longer.
The hornet misses you.
You riposte.
You barely miss the hornet.
The hornet is moderately wounded.
Okay, then.
As you read the scroll of fog, it crumbles to dust.
The scroll dissolves into smoke.
* * * LOW HITPOINT WARNING * * *
You feel sick. The hornet misses you.
* * * LOW HITPOINT WARNING * * *
You feel sick.
You are no longer poisoned.
The hornet closely misses you.
The hornet stings you but does no damage.
You see here a potion of heal wounds.
c - a potion of heal wounds The hornet stings you.
You die...

...############.......# #.....###
##.##.......##..#.#...# #.#...###
##.##.......##..#.##..###.#......
............##..##.#...#.##......
##.##.........§§##.##.##.#...(..<
##.##.......##§§###.#.#.##.......
#..##.......##§§§§#.###.#.#......
#.###.......##§y####.#.##.#....##
#.###.########§§@.##...##.#....#
......# #.##.###'###......##
#.##### .... ..#...##.#...... #.#
#..### .##...##........ #.### #..
.##.≈.##.#...... #...# #######
###.≈.##.###.... ###.####.....##
#.≈.##.####... #...#.......##
#...#......... ###.....<....#
#...########..


You could see a hornet.

Vanquished Creatures
  An ice beast (D:5)
  An ogre (D:5)
  A phantom (D:4)
  A scorpion (D:4)
  A water moccasin zombie (D:5)
  2 water moccasin skeletons (D:5)
  The ghost of mokwee the Stinger, a weakling OpVM (D:3)
  A bullfrog zombie (D:5)
  A centaur zombie (D:5)
  2 hounds (D:5)
  A gnoll shaman (D:5)
  A jelly (D:4)
  2 orc priests
  3 orc wizards
  11 gnolls
  A howler monkey skeleton (D:5)
  4 adders
  A white imp (D:5)
  2 ufetubi
  2 worms
  5 orcs
  6 ball pythons
  8 bats
  10 endoplasms
  4 giant cockroaches
  4 goblins
  10 hobgoblins
  12 jackals
  2 quokkas (D:2)
  4 frilled lizards
  8 kobolds
  7 rats
120 creatures vanquished.

Notes
Turn   | Place    | Note
-------+----------+-------------------------------------------
     0 | Abyss:1  | Jawa73 the Demonspawn Abyssal Knight began the quest for
                  | the Orb.
     0 | Abyss:1  | Reached XP level 1. HP: 18/18 MP: 2/2
    32 | Abyss:2  | Found an ornate altar of the Wu Jian Council.
    87 | Abyss:3  | Noticed a wretched star
    88 | Abyss:3  | Noticed a large abomination
    89 | D:1      | Escaped the Abyss
   394 | D:1      | Gained mutation: You sometimes gain a little power by
                  | taking damage. [demonic ancestry]
   394 | D:1      | Reached XP level 2. HP: 11/24 MP: 3/3
   395 | D:1      | Reached skill level 2 in Long Blades
   914 | D:1      | Found Ydociut's Weapon Shop.
   924 | D:1      | Reached * piety under Lugonu
  1081 | D:1      | Gained mutation: You are partially covered in razor-sharp
                  | scales. (AC +1, Slay +1) [demonic ancestry]
  1081 | D:1      | Reached XP level 3. HP: 24/29 MP: 4/4
  1448 | D:2      | Found a faded altar of an unknown god.
  1609 | D:2      | Found Keleqiow's Antique Armour Shoppe.
  1824 | D:2      | Found Qeuk's Weapon Emporium.
  1927 | D:2      | Found Wetakk's General Store.
  2016 | D:2      | Reached ** piety under Lugonu
  2017 | D:2      | Reached XP level 4. HP: 36/36 MP: 6/6
  2047 | D:2      | Found Suduteif's Book Emporium.
  2446 | D:3      | Reached skill level 3 in Long Blades
  3046 | D:3      | Found a runed translucent door.
  3048 | D:3      | Noticed mokwee's ghost (weakling OpVM)
  3160 | D:3      | Reached XP level 5. HP: 42/42 MP: 7/7
  3167 | D:3      | Killed mokwee's ghost
  3228 | D:2      | Bought a glowing chain mail for 195 gold pieces
  3503 | D:4      | Found a staircase to the Ecumenical Temple.
  3778 | D:4      | Noticed a phantom
  3817 | D:4      | Killed a phantom
  3818 | D:4      | Reached skill level 4 in Long Blades
  3818 | D:4      | Reached XP level 6. HP: 34/48 MP: 8/8
  4729 | D:5      | Entered Level 5 of the Dungeon
  4783 | D:5      | Gained mutation: You have a pair of small horns on your
                  | head. [demonic ancestry]
  4783 | D:5      | Reached XP level 7. HP: 55/55 MP: 9/9
  4814 | D:5      | Reached skill level 5 in Long Blades
  4840 | D:5      | Reached *** piety under Lugonu
  5341 | D:5      | Identified the +6 short sword "Bosafeaf" {holy, rF++}
  5399 | D:5      | Reached skill level 6 in Long Blades
  5405 | D:5      | Reached XP level 8. HP: 27/61 MP: 6/11
  5823 | D:5      | Noticed a two-headed ogre
  5827 | D:5      | Banished a two-headed ogre
  5828 | D:5      | Reached skill level 5 in Fighting
  5828 | D:5      | Reached skill level 7 in Long Blades
  5828 | D:5      | Reached skill level 5 in Armour
  5828 | D:5      | Reached skill level 5 in Invocations
  5935 | D:5      | Noticed a hornet
  5941 | D:5      | Paralysed by a hornet for 3 turns
  5955 | D:5      | HP: 3/63 [hornet (6)]
  5957 | D:5      | HP: 1/63 [poisoned by a hornet]
  5959 | D:5      | Slain by a hornet

Illustrated notes

Levels and vault maps discovered:
D:1:      sevenhm_arrival_forest_fort_small_5, layout_rooms, serial_shops,
          nicolae_lakefront_shop, serial_bayou_pond_b, corner_web_ring
D:2:      layout_loops_ring, serial_shops, shop, shop, shop,
          nicolae_lakefront_shop, hellmonk_ecumenical_altar_blasted,
          small_statue_intersection, chequers_avenue
D:3:      kb_forest_paths, layout_loops_ring, ebering_ghost_inner_flame
D:4:      layout_loops_ring, minmay_temple_entry_antechambers
D:5:      layout_loops_cross, gup_sewer_entry_spiral, kennysheep_small_spiral,
          grunt_decor_clamped, grunt_ministairs_10, serial_park_tiny_pond,
          kennysheep_nub

Skill      XL: |  1  2  3  4  5  6  7  8 |
---------------+-------------------------+-----
Long Blades    | 2 3 4 6 7 |  7.2
Armour         | 2 3 4 5 |  5.5
Invocations    | 3 4 5 |  5.3
Fighting       | 4 5 |  5.4
Dodging        | |  0.8

Action                   |  1- 3 |  4- 6 |  7- 9 || total
-------------------------+-------+-------+-------++-------
Melee: Falchion          |   129 |   186 |   114 ||   429
       Headbutt          |       |       |    29 ||    29
Invok: Depart the Abyss  |     1 |       |       ||     1
       Banish            |       |       |     1 ||     1
  Use: Scroll            |     5 |     4 |     2 ||    11
       Potion            |       |     4 |     3 ||     7
Armor: Scale mail        |    29 |       |       ||    29
       Chain mail        |    78 |   139 |    85 ||   302
Dodge: Dodged            |    83 |   138 |    62 ||   283
       Rpst.: Falchion   |    27 |    33 |    18 ||    78

Table legend: (Time is in decaauts)
 A = Elapsed time spent in this place.
 B = Non-inter-level travel time spent in this place.
 C = Inter-level travel time spent in this place.
 D = Time resting spent in this place.
 E = Time spent auto-exploring this place.
 F = Levels seen in this place.
 G = Mean time per level.
                   A        B        C        D        E       F      G
               +--------+--------+--------+--------+--------+-----+--------+
         Total |   6012 |   5670 |    342 |    551 |   3456 |   8 |  751.5 |
       Dungeon |   5923 |   5581 |    342 |    551 |   3439 |   5 | 1184.6 |
         Abyss |     88 |     88 |      0 |      0 |     17 |   3 |   29.3 |
               +--------+--------+--------+--------+--------+-----+--------+

Top non-repeatable levels by time:
     D:3: 1493 daAuts
     D:5: 1234 daAuts
     D:1: 1105 daAuts
     D:2: 1085 daAuts
     D:4: 1004 daAuts
 Abyss:3: 38 daAuts
 Abyss:1: 32 daAuts
 Abyss:2: 17 daAuts
